 Dungeon Crawl Stone Soup version 0.19.0-20-gbc5f0c6 (webtiles) character file.

376 nikopol the Skirmisher (level 6, -1/60 HPs)
             Began as a Gargoyle Berserker on Nov 17, 2016.
             Was a Believer of Trog.
             Slain by nikopol's ghost (12 damage)
             ... on level 5 of the Dungeon.
             The game lasted 00:09:07 (3269 turns).

nikopol the Skirmisher (Gargoyle Berserker)         Turns: 3269, Time: 00:09:08

Health: -1/60      AC: 12    Str: 26    XL:     6   Next: 73%
Magic:  6/6        EV: 11    Int:  8    God:    Trog [**....]
Gold:   197        SH:  0    Dex: 10    Spells: 0 memorised, 5 levels left

rFire  . . .     SeeInvis .     a - +0 hand axe
rCold  . . .     Gourm    .     f - +0 scale mail
rNeg   + . .     Faith    .     (no shield)
rPois  ∞         Spirit   .     (no helmet)
rElec  +         Reflect  .     (no cloak)
rCorr  .         Harm     .     t - +0 pair of gloves
MR     .....                    (no boots)
Stlth  ..........               (no amulet)
                                (no ring)
                                (no ring)

@: berserking, very quick
A: negative energy resistance 1, electricity resistance, unbreathing,
petrification resistance, rot immunity, AC +4
a: Berserk, Trog's Hand, Burn Spellbooks, Renounce Religion


You were on level 5 of the Dungeon.
You worshipped Trog.
Trog was pleased with you.
You were very hungry.

You visited 1 branch of the dungeon, and saw 5 of its levels.

You collected 197 gold pieces.

Inventory:

Hand Weapons
 a - a +0 hand axe (weapon)
Missiles
 j - 19 arrows (quivered)
Armour
 b - a +0 animal skin
 f - a +0 scale mail (worn)
 t - a +0 pair of gloves (worn)
Jewellery
 u - an uncursed ring of flight {unknown}
Wands
 p - a wand of lightning (12/15)
Scrolls
 d - 7 scrolls of identify {unknown}
 e - a scroll of enchant weapon {unknown}
 g - 2 scrolls of amnesia {unknown}
 l - 2 scrolls of noise {unknown}
 m - 2 scrolls of remove curse {unknown}
 n - 2 scrolls of blinking {unknown}
 s - a scroll of magic mapping {unknown}
Potions
 h - 2 potions of curing {unknown}
 k - a potion of lignification {unknown}
 o - a potion of mutation {unknown}
 q - a potion of haste {unknown}
 r - a potion of heal wounds {unknown}
Comestibles
 c - 3 bread rations
 i - a meat ration
 v - 2 chunks of flesh


   Skills:
 + Level 5.0 Fighting
 + Level 3.9 Axes
 + Level 4.1 Armour
 + Level 3.2 Dodging


You had 5 spell levels left.
You didn't know any spells.

Dungeon Overview and Level Annotations

Branches:
Dungeon (5/15)             Temple (0/1) D:4

Altars:
Elyvilon
Kikubaaqudgha
Makhleb
Okawaru
Qazlal
Yredelemnul

Annotations:
D:5 nikopol's ghost, novice GrBe


Innate Abilities, Weirdness & Mutations

You are resistant to torment.
Your stone body is resilient. (AC +4)
You are immune to poison.
You resist negative energy. (rN+)
You are resistant to electric shocks. (rElec)
You can survive without breathing.
You are immune to petrification.
You are immune to rotting.


Message History

You hit nikopol's ghost but do no damage.
Nikopol's ghost is lightly damaged.
Nikopol's ghost hits you!
You closely miss nikopol's ghost.
Nikopol's ghost is lightly damaged.
Nikopol's ghost hits you.
You hit nikopol's ghost but do no damage.
Nikopol's ghost is lightly damaged.
You hit nikopol's ghost.
Nikopol's ghost is lightly damaged.
Nikopol's ghost hits you.
* * * LOW HITPOINT WARNING * * *
You slash nikopol's ghost!
Nikopol's ghost is heavily damaged.
Nikopol's ghost hits you!
* * * LOW HITPOINT WARNING * * *
You hit nikopol's ghost but do no damage.
Nikopol's ghost is heavily damaged.
Nikopol's ghost hits you!
You die...

...#..#
......
....#
...## .
#...# +..
#...##..##
#.........
#.W.......
#@########
###


You could see nikopol's ghost.

Vanquished Creatures
  The ghost of Nordron the Slasher, an amateur TeAK of Lugonu (D:3)
  A hound (D:4)
  A centaur skeleton (D:5)
  An orc priest (D:3)
  A worker ant (D:3)
  4 gnolls (D:4)
  3 adders (D:3)
  4 dart slugs
  4 leopard geckos
  4 orcs (D:3)
  4 giant cockroaches
  3 hobgoblins
  4 jackals (D:1)
  8 kobolds
  A quokka (D:2)
  6 bats
  5 frilled lizards
  13 goblins
  A kobold zombie (D:5)
  An orc zombie (D:5)
  9 rats
79 creatures vanquished.

Notes
Turn   | Place    | Note
-------+----------+-------------------------------------------
     0 | D:1      | nikopol the Gargoyle Berserker began the quest for the Orb.
     0 | D:1      | Reached XP level 1. HP: 14/14 MP: 1/1
   257 | D:1      | Reached XP level 2. HP: 19/19 MP: 2/2
   822 | D:2      | Reached XP level 3. HP: 19/23 MP: 3/3
  1007 | D:2      | Reached ** piety under Trog
  1070 | D:2      | Found a basalt altar of Yredelemnul.
  1105 | D:2      | Found an iron altar of Okawaru.
  1106 | D:2      | Found an ancient bone altar of Kikubaaqudgha.
  1134 | D:2      | Found a stormy altar of Qazlal.
  1354 | D:2      | Reached skill level 4 in Fighting
  1545 | D:3      | Reached XP level 4. HP: 29/29 MP: 4/4
  2139 | D:3      | Reached XP level 5. HP: 33/33 MP: 5/5
  2205 | D:3      | Noticed Nordron's ghost (amateur TeAK)
  2221 | D:3      | Killed Nordron's ghost
  2221 | D:3      | Reached XP level 6. HP: 39/39 MP: 6/6
  2952 | D:4      | Found a white marble altar of Elyvilon.
  3073 | D:4      | Found a burning altar of Makhleb.
  3075 | D:4      | Noticed a cacodemon
  3144 | D:4      | Found a staircase to the Ecumenical Temple.
  3248 | D:5      | Entered Level 5 of the Dungeon
  3249 | D:5      | Noticed nikopol's ghost (novice GrBe)
  3261 | D:5      | Reached skill level 5 in Fighting
  3269 | D:5      | Slain by nikopol's ghost

Skill      XL: |  1  2  3  4  5  6 |
---------------+-------------------+-----
Dodging        | 2 3 |  3.2
Axes           | 3 |  3.9
Fighting       | 4 5 |  5.0
Armour         | 3 4 |  4.1

Action                   |  1- 3 |  4- 6 || total
-------------------------+-------+-------++-------
Melee: Hand axe          |   160 |   123 ||   283
Invok: Berserk           |       |     4 ||     4
  Eat: Chunk             |     2 |     6 ||     8
       Royal jelly       |       |     1 ||     1
Armor: Animal skin       |     6 |       ||     6
       Scale mail        |    74 |    59 ||   133
Dodge: Dodged            |   111 |    72 ||   183
